 Dungeon Crawl Stone Soup version 0.22-a0-268-g1cc83ef (webtiles) character file.

2 4thArraOfDagon the Vexing (level 1, 0/13 HPs)
             Began as a Mummy Enchanter on Mar 9, 2018.
             Slain by a kobold (3 damage)
             ... on level 1 of the Dungeon.
             The game lasted 00:00:19 (52 turns).

4thArraOfDagon the Vexing (Mummy Enchanter)           Turns: 52, Time: 00:00:20

Health: 0/13       AC:  2    Str: 11    XL:     1   Next: 33%
Magic:  1/4        EV: 12    Int: 14    God:
Gold:   0          SH:  0    Dex: 12    Spells: 4/5 levels left

rFire    x . .     SeeInvis .   a - +1 dagger
rCold    + . .     Gourm    .   (no shield)
rNeg     + + +     Faith    .   b - +0 robe
rPois    ∞         Spirit   .   (no helmet)
rElec    .         Reflect  .   (no cloak)
rCorr    .         Harm     .   (no gloves)
MR       .....                  (no boots)
Stlth    ++........             (no amulet)
HPRegen  0.04/turn              (no ring)
MPRegen  0.09/turn              (no ring)

@: very slightly contaminated
A: no food or potions, fire vulnerability, cold resistance 1, negative energy
resistance 3, torment resistance, unbreathing
a: no special abilities


You were on level 1 of the Dungeon.
You were not hungry.

You visited 1 branch of the dungeon, and saw 1 of its levels.

Inventory:

Hand Weapons
 a - a +1 dagger (weapon)
Armour
 b - a +0 robe (worn)
Scrolls
 c - a scroll of noise {unknown}


   Skills:
 * Level 1.1 Short Blades
 - Level 1.5 Dodging
 - Level 2.4 Stealth
 - Level 2.6 Spellcasting
 - Level 2.6 Hexes


You had 4 spell levels left.
You knew the following spells:

 Your Spells              Type           Power        Failure   Level  Hunger
a - Corona                Hex            #......      8%          1    N/A

Dungeon Overview and Level Annotations

Branches:
Dungeon (1/15)

Altars:


Innate Abilities, Weirdness & Mutations

You do not eat or drink.
Your flesh is vulnerable to fire.
You are immune to poison.
Your flesh is cold resistant. (rC+)
You are immune to negative energy. (rN+++)
You are immune to unholy pain and torment.
You can survive without breathing.


Message History

Casting: Corona (safe; 8% risk of failure)
Confirm with . or Enter, or press ? or * to list all spells.
Aiming: Corona (safe; 8% risk of failure)
Press: ? - help, Shift-Dir - straight line, f - kobold
Aim: a kobold (chance to defeat MR: 62%)
You miscast Corona.
You are very lightly contaminated with residual magic.
You feel off-balance for a moment. The kobold hits you.
Casting: Corona (safe; 8% risk of failure)
Confirm with . or Enter, or press ? or * to list all spells.
Aiming: Corona (safe; 8% risk of failure)
Press: ? - help, Shift-Dir - straight line, f/p - kobold
Aim: a kobold (chance to defeat MR: 62%)
The kobold struggles to resist.
The kobold misses you.
You barely miss the kobold. The kobold hits you.
* * * LOW HITPOINT WARNING * * *
You hit the kobold.
The kobold is severely wounded.
The kobold hits you.
You die...

## #. #. #.######
## #>.bK@.## .###
#.####..####...###
#..###...........#
b..............#
#.#####.........#
#. #.........# #.
#.........# #.
#.....†...#
#.........#


You could see a bat and a kobold.

Vanquished Creatures
  A goblin (D:1)
  2 rats (D:1)
3 creatures vanquished.

Notes
Turn   | Place    | Note
-------+----------+-------------------------------------------
     0 | D:1      | 4thArraOfDagon the Mummy Enchanter began the quest for the Orb.
     0 | D:1      | Reached XP level 1. HP: 13/13 MP: 4/4
    24 | D:1      | Reached skill level 1 in Short Blades
    52 | D:1      | Slain by a kobold

Vault maps used:
D:1:      scummos_arrival_hexagon, kennysheep_decorative_pillar,
          roderic_roman_lattice, minmay_misc_feat_hallway, roderic_lattice_a,
          minmay_tiny_reverse_x

Skill      XL: |  1 |
---------------+----+-----
Short Blades   | 1 |  1.1
Dodging        | |  1.5
Stealth        | |  2.4
Spellcasting   | |  2.6
Hexes          | |  2.6

Action                   || total
-------------------------++-------
Melee: Dagger            ||     7
 Cast: Corona            ||     4
 Stab: Sleeping          ||     1
Dodge: Dodged            ||     1

Table legend:
 A = Spawn XP
 B = Non-spawn XP
 C = Spawn XP percentage of total XP
 D = Spawn monster count
 E = Non-spawn monster count
 F = Spawn count percentage of total count
 G = Total turns spent on level
                    A         B        C        D         E        F      G
               +---------+---------+-------+---------+---------+-------+---------
         Total |       0 |       4 |   0.0 |       0 |       3 |   0.0 |    52
               +---------+---------+-------+---------+---------+-------+---------
           D:1 |       0 |       4 |   0.0 |       0 |       3 |   0.0 |    52
               +---------+---------+-------+---------+---------+-------+---------
